 Dungeon Crawl Stone Soup version 0.28-a0-535-g6f645e4c1d (webtiles) character file.

Game seed: 6649222762074389687

1757 avis the Skirmisher (level 9, -9/76 HPs)
             Began as an Octopode Transmuter on Sept 26, 2021.
             Was an Initiate of Gozag.
             Mangled by a skeletal warrior (17 damage)
             ... led by a skeletal warrior
             ... on level 7 of the Dungeon on Sept 27, 2021.
             The game lasted 00:53:58 (9607 turns).

avis the Skirmisher (Octopode Transmuter)           Turns: 9607, Time: 00:53:59

Health: -9/76      AC:  6    Str: 12    XL:     9   Next: 6%
Magic:  13/13      EV: 10    Int: 16    God:    Gozag
Gold:   383        SH:  0    Dex: 12    Spells: 6/14 levels left

rFire   x . .      SeeInvis .     - Unarmed
rCold   + + +      Faith    .   (shield currently unavailable)
rNeg    . . .      Spirit   .   (helmet currently unavailable)
rPois   +          Reflect  .   e - amulet of magic regeneration
rElec   .          Harm     .   k - ring of willpower
rCorr   .          Rampage  .   y - ring of poison resistance
Will    +....                   (no ring)
Stlth   ++........              (no ring)
HPRegen 0.22/turn               (no ring)
MPRegen 0.38/turn               (no ring)
                                (no ring)
                                (no ring)

@: ice-form
A: freezing attack, boosted hp, almost no armour, amphibious, 8 rings, large,
(camouflage 1), (gelatinous body 1), (nimble swimmer 1), (tentacles)
a: End Transformation, Renounce Religion, Potion Petition, Call Merchant, Bribe
Branch


You were on level 7 of the Dungeon.
You worshipped Gozag.
Gozag was aware of your devotion.
You were a creature of crystalline ice.
You visited 2 branches of the dungeon, and saw 8 of its levels.

You collected 540 gold pieces.
You paid 157 gold pieces to Gozag.

Inventory:

Hand Weapons
 a - a +2 mace of protection (melded)
 b - a +1 hunting sling of flaming
 w - a +2 dagger of holy wrath
Missiles
 c - 188 stones
 q - 19 sling bullets
 t - 2 curare-tipped darts
 H - 5 poisoned darts
Armour
 o - a +0 kite shield
Jewellery
 e - an amulet of magic regeneration (around neck)
 k - a ring of willpower (left front paw)
 y - a ring of poison resistance (right front paw)
Wands
 l - a wand of flame (33)
 r - a wand of polymorph (5)
Scrolls
 d - 4 scrolls of fear {unknown}
 f - a scroll of teleportation {unknown}
 g - a scroll of magic mapping {unknown}
 j - a scroll of enchant weapon {unknown}
 n - 6 scrolls of identify {unknown}
 p - a scroll of immolation {unknown}
 u - a scroll of enchant armour {unknown}
 x - a scroll of amnesia {unknown}
 B - a scroll of vulnerability {unknown}
Potions
 h - 2 potions of curing
 i - a potion of berserk rage {unknown}
 v - 2 potions of degeneration {unknown}
 z - a potion of resistance
 A - a potion of lignification {unknown}


   Skills:
 - Level 7.0 Fighting
 - Level 3.0 Dodging
 - Level 2.0 Stealth
 - Level 7.0 Unarmed Combat
 - Level 3.0 Spellcasting
 - Level 4.0 Transmutations
 * Level 2.1 Ice Magic
 - Level 3.0 Poison Magic


You had 6 spell levels left.
You knew the following spells:

 Your Spells              Type           Power      Damage    Failure   Level
a - Beastly Appendage     Tmut           30%        N/A       3%          1
p - Spider Form           Tmut/Pois      6%         N/A       13%         3
q - Ice Form              Ice/Tmut       12%        N/A       47%         4

Your spell library contained the following spells:

 Spells                   Type           Power      Damage    Failure   Level
 Wereblood                Tmut           15%        N/A       5%          2
 Call Canine Familiar     Summ           2%         N/A       50%         3
 Portal Projectile        Hex/Tloc       4%         N/A       50%         3
 Leda's Liquefaction      Hex/Erth       1%         N/A       88%         4


Dungeon Overview and Level Annotations

Branches:
Dungeon (7/15)             Temple (1/1) D:7

Altars:
Ashenzari
Cheibriados
Dithmenos
Fedhas
Gozag
Hepliaklqana
Kikubaaqudgha
Makhleb
Nemelex Xobeh
Okawaru
Qazlal
Ru
Sif Muna
Trog
Uskayaw
Vehumet
Wu Jian
Xom
Zin
The Shining One

Shops:
D:3 (!*[   D:5 ?!!*(   D:6 ==[=*

Annotations:
D:7 exclusions: orc and 4 skeletal warriors


Innate Abilities, Weirdness & Mutations

You are a creature of crystalline ice.
You have a powerful freezing melee attack.
Your maximum health is increased.
Your armour is entirely melded.
You are incapable of wielding weapons or throwing items.
You cannot wear most types of armour.
You are amphibious.
You can wear up to eight rings at the same time.
((Your skin changes colour to match your surroundings (Stealth+).))
((Your rubbery body absorbs attacks. (AC +1, EV +1)))
((You are camouflaged near water. (Stealth+)))
((You have tentacles for arms and can constrict up to eight enemies at once.))


Message History

You see here a +0 whip.
Things that are here:
a +0 short sword; a +0 dagger You see here a +0 whip.
Partly explored, can't reach some items and places.
Casting: Spider Form (dangerous; 13% risk of failure)
Confirm with . or Enter, or press ? or * to list all spells.
The spell is quite dangerous to cast (47% risk of failure)!
Continue anyway?
You miscast Ice Form.
You are very lightly contaminated with residual magic.
You are encased in ice!
You start resting.
Magic restored.
You start resting.
Your magical contamination has completely faded away.
You start resting.
HP restored.
Casting: Ice Form (quite dangerous; 47% risk of failure)
Confirm with . or Enter, or press ? or * to list all spells.
The spell is quite dangerous to cast (47% risk of failure)!
Continue anyway?
You turn into a creature of crystalline ice.
Your +2 mace of protection melds into your body.
Your +2 mace of protection goes still.
Really walk into a travel-excluded area? [Y]es or [N]o only, please.
Really walk into a travel-excluded area?
The skeletal warrior hits you from afar with a +0 glaive.
The skeletal warrior hits you with a +0 glaive!
You punch the skeletal warrior! You freeze the skeletal warrior.
The skeletal warrior is lightly damaged.
The skeletal warrior hits you with a +0 glaive!!
You hit the skeletal warrior. You freeze the skeletal warrior.
The skeletal warrior is moderately damaged.
The skeletal warrior hits you with a +0 glaive!!
* * * LOW HITPOINT WARNING * * *
Press: ? - help, v - describe, . - travel The floor.
The skeletal warrior hits you from afar with a +0 glaive!
You die...
Your body crumbles into a pile of gold.

#.....'....[.<#.......###.#
#.#####.......#.......# #.# #.#
#.♣.♣.♣.##...##.# #.# #.#
#.......#.....#.###.#
###.#############>...........
#..........#.# #.....####.##
#####....##.###..## ##...## #.#
......#..##.# #...######## #.#
............###.Y.....########.#
####..#..##...z##..............#
#...#.##.#########.##########
#..z..z..# #.# #.###.#### #<#
#.# #.# #.# ..# #.# #.# ...# #.#
#.# #.zz. #.# #.#


You could see a skeletal warrior.

Vanquished Creatures
  2 orc warriors (D:7)
  A black bear (D:6)
  A necrophage (D:7)
  3 centaurs
  An ogre (D:2)
  A kobold brigand (D:7)
  A bullfrog (D:7)
  2 scorpions
  3 wights
  2 jellies (D:6)
  2 orc priests (D:5)
  A centaur skeleton (D:7)
  3 iguanas
  Terence (D:3)
  Natasha (thrice) (D:3)
  5 orc wizards
  2 killer bee zombies (D:6)
  A hound skeleton (D:5)
  Robin (D:3)
  3 gnolls
  6 adders
  A shadow imp (D:7)
  2 ufetubi (D:6)
  3 dart slugs
  9 orcs
  6 endoplasms
  A giant cockroach (D:1)
  8 hobgoblins
  3 jackals (D:2)
  13 kobolds
  2 quokkas
  5 ball pythons
  5 bats
  A frilled lizard (D:1)
  16 goblins
  7 rats
127 creatures vanquished.

Vanquished Creatures (others)
  6 plants (D:2)
6 creatures vanquished.

Grand Total: 133 creatures vanquished

Notes
Turn   | Place    | Note
-------+----------+-------------------------------------------
     0 | D:1      | avis the Octopode Transmuter began the quest for the Orb.
     0 | D:1      | Reached XP level 1. HP: 13/13 MP: 3/3
   483 | D:1      | Reached XP level 2. HP: 17/19 MP: 3/5
   529 | D:1      | Reached skill level 1 in Stealth
  1311 | D:2      | Reached skill level 1 in Poison Magic
  1326 | D:2      | Reached XP level 3. HP: 17/24 MP: 6/6
  1330 | D:2      | Learned a level 3 spell: Spider Form
  1813 | D:2      | Reached XP level 4. HP: 24/29 MP: 3/7
  2318 | D:2      | Noticed an ogre
  2351 | D:2      | Killed an ogre
  2352 | D:2      | Reached XP level 5. HP: 24/36 MP: 8/8
  3104 | D:3      | Found Joptaur's Distillery.
  3218 | D:3      | Found Faxkuifi's Antique Weapon Shoppe.
  3324 | D:3      | Noticed Robin
  3332 | D:3      | Killed Robin
  3744 | D:3      | Noticed Terence
  3763 | D:3      | Killed Terence
  3764 | D:3      | Reached XP level 6. HP: 18/42 MP: 10/10
  3974 | D:3      | Noticed Natasha
  3985 | D:3      | Killed Natasha
  3994 | D:3      | Noticed Natasha
  4003 | D:3      | Killed Natasha
  4030 | D:3      | Found Nouddud's General Store.
  4102 | D:3      | Noticed Natasha
  4108 | D:3      | Killed Natasha
  4345 | D:3      | Found Eceno Jucy's Armour Emporium.
  4709 | D:4      | Learned a level 4 spell: Ice Form
  4967 | D:5      | Entered Level 5 of the Dungeon
  4984 | D:5      | Found Kuvel's Antique Weapon Emporium.
  5019 | D:5      | Found Puado's Assorted Antiques.
  5059 | D:5      | Found Uqac's Distillery.
  5227 | D:5      | Found Ynluemui's Distillery.
  5274 | D:5      | Found Ucuyghok's Magic Scroll Emporium.
  5378 | D:5      | Reached XP level 7. HP: 35/49 MP: 11/11
  5505 | D:5      | Found a hide-covered altar of Uskayaw.
  5975 | D:5      | Reached skill level 5 in Fighting
  6049 | D:6      | Found Xohoemaa's Armour Shoppe.
  6221 | D:6      | Reached skill level 5 in Unarmed Combat
  6223 | D:6      | Found Cadiy's Jewellery Shop.
  6670 | D:6      | Reached XP level 8. HP: 57/57 MP: 12/12
  6709 | D:6      | Found Goiqo's Jewellery Shoppe.
  6792 | D:6      | Found Zocetoet's Jewellery Shoppe.
  6871 | D:6      | Found Lumogh's Assorted Antiques.
  6937 | D:6      | Identified the +8 plate armour of Monotheism {rElec Str+3
                  | Dex+2}
  8311 | D:7      | Noticed a skeletal warrior
  8311 | D:7      | Noticed a skeletal warrior
  8311 | D:7      | Noticed a skeletal warrior
  8325 | D:7      | Found a stormy altar of Qazlal.
  8338 | D:7      | Noticed a skeletal warrior
  8523 | D:7      | Found a staircase to the Ecumenical Temple.
  8539 | Temple   | Entered the Ecumenical Temple
  8655 | Temple   | Became a worshipper of Gozag Ym Sagoz the Greedy
  8798 | D:7      | Reached skill level 1 in Ice Magic
  9046 | D:7      | Reached XP level 9. HP: 50/64 MP: 13/13
  9607 | D:7      | Mangled by a skeletal warrior

Illustrated notes

Levels and vault maps discovered:
D:1:      lightli_arrival_boilingwater, layout_loops_corners,
          grunt_decor_arrowhead, minmay_misc_feat_alley
D:2:      layout_loops_ring, serial_bayou_pond_b, serial_park_tiny_1,
          minmay_misc_feat_cross, kennysheep_generic_room_16
D:3:      layout_basic, serial_shops, nicolae_shop_stone, shop,
          nicolae_shop_behind_doors, shop, nrook_campfire, uniq_robin,
          uniq_natasha, uniq_terence
D:4:      layout_rooms
D:5:      layout_rooms, kennysheep_mini, serial_shops, shop_coins,
          nicolae_diamond_shop, nicolae_shop_behind_doors,
          kennysheep_little_box, nicolae_shop_trees, kennysheep_big_empty_room
D:6:      layout_rooms, serial_shops, nicolae_shop_statue_plus,
          nicolae_shop_competitors_out_of_business, shop_coins,
          kennysheep_mini_moat, shop, hangedman_decor_clover_reticule
D:7:      layout_loops_ring, nicolae_qazlal_scattered_showers,
          minmay_temple_entry_slanted, grunt_ministairs_3
Temple:   compressed_dpeg_circular_temple

Skill      XL: |  1  2  3  4  5  6  7  8  9 |
---------------+----------------------------+-----
Fighting       | 2 3 4 6 7 |  7.0
Stealth        | 2 |  2.0
Poison Magic   | 1 2 3 |  3.0
Transmutations | 3 4 |  4.0
Spellcasting   | 3 |  3.0
Unarmed Combat | 4 5 7 |  7.0
Dodging        | 3 |  3.0
Ice Magic      | 2 |  2.1

Action                   |  1- 3 |  4- 6 |  7- 9 || total
-------------------------+-------+-------+-------++-------
Melee: Unarmed           |    31 |    72 |   147 ||   250
       Kick              |     6 |     4 |       ||    10
       Constrict         |     6 |     5 |       ||    11
       Short sword       |    19 |       |       ||    19
       Tentacles         |     4 |     1 |     4 ||     9
       Dagger            |       |    27 |       ||    27
       Mace              |       |     3 |     5 ||     8
       Hunting sling     |       |       |     1 ||     1
       Punch             |       |       |     1 ||     1
 Fire: Hunting sling     |    39 |    41 |    23 ||   103
 Cast: Beastly Appendage |    11 |     5 |       ||    16
       Spider Form       |     4 |    18 |    31 ||    53
       Ice Form          |       |       |     1 ||     1
  Use: Potion            |       |       |     1 ||     1
 Stab: Sleeping          |     2 |       |       ||     2
Armor: Skin              |     3 |     6 |     8 ||    17
Dodge: Dodged            |    41 |    84 |   185 ||   310

Table legend: (Time is in decaauts)
 A = Elapsed time spent in this place.
 B = Non-inter-level travel time spent in this place.
 C = Inter-level travel time spent in this place.
 D = Time resting spent in this place.
 E = Time spent auto-exploring this place.
 F = Levels seen in this place.
 G = Mean time per level.
                   A        B        C        D        E       F      G
               +--------+--------+--------+--------+--------+-----+--------+
         Total |   9613 |   9103 |    510 |   3472 |   3325 |   8 | 1201.6 |
       Dungeon |   9472 |   8999 |    473 |   3472 |   3247 |   7 | 1353.1 |
        Temple |    140 |    103 |     37 |      0 |     78 |   1 |  140.0 |
               +--------+--------+--------+--------+--------+-----+--------+

Top non-repeatable levels by time:
     D:1: 1637 daAuts
     D:6: 1599 daAuts
     D:5: 1516 daAuts
     D:2: 1490 daAuts
     D:3: 1437 daAuts
     D:7: 1350 daAuts
     D:4: 441 daAuts
  Temple: 140 daAuts
